| TOP OF THE 1ST |
|
Montreal Expos batting - Pitching for San Diego Padres : RHP Doug Drabek
|
|
Pitching: RHP Doug Drabek
|
|
|
Batting: SHB Ricky Otero
|
0-0: Called Strike 0-1: Swinging Strike 0-2: Ball 1-2: SINGLE (Groundball, 34D, EV 100.6 MPH)
|
|
Batting: SHB Gregg Jefferies
|
0-0: Called Strike Ricky Otero is caught stealing 2nd base 2-6 0-1: Ball 1-1: Ball 2-1: Fly out, F8 (Flyball, 8LD, EV 85.0 MPH)
|
|
Batting: RHB Matt Williams
|
0-0: Ball 1-0: Ground out 3-1 (Groundball, 3S, EV 80.6 MPH)
|
| Top of the 1st over - 0 runs, 1 hit, 0 errors, 0 left on base; Montreal 0 - San Diego 0 |
| BOTTOM OF THE 1ST |
|
San Diego Padres batting - Pitching for Montreal Expos : RHP Jon Lieber
|
|
Pitching: RHP Jon Lieber
|
|
|
Batting: LHB Darryl Hamilton
|
0-0: SINGLE (Line Drive, 6D, EV 98.1 MPH)
|
|
Batting: LHB Jim Edmonds
|
0-0: Called Strike 0-1: Called Strike 0-2: Strikes out swinging
|
|
Batting: RHB Manny Ramirez
|
0-0: Called Strike 0-1: Called Strike Darryl Hamilton steals 2nd base (no throw) 0-2: Foul Ball, location: 2F 0-2: Ball 1-2: Foul Ball, location: 2F 1-2: Foul Ball, location: 2F 1-2: Ball 2-2: SINGLE (Line Drive, 89S, EV 104.4 MPH) Darryl Hamilton to third Runner from 3rd tries for Home, SAFE, throw by RF to home
|
|
Batting: SHB Tony Clark
|
0-0: Ball 1-0: Foul Ball, location: 2F 1-1: Swinging Strike 1-2: Ball 2-2: Strikes out swinging
|
|
Batting: LHB Dave Magadan
|
0-0: Called Strike 0-1: Foul Ball, location: 2F 0-2: Fielders Choice at 2nd, U4 (Groundball, 4M, EV 85.0 MPH)
|
| Bottom of the 1st over - 1 run, 2 hits, 0 errors, 1 left on base; Montreal 0 - San Diego 1 |
| TOP OF THE 2ND |
|
Montreal Expos batting - Pitching for San Diego Padres : RHP Doug Drabek
|
|
Batting: RHB Raul Mondesi
|
0-0: Ball 1-0: Ball 2-0: Called Strike 2-1: Foul Ball, location: 2F 2-2: Strikes out swinging
|
|
Batting: LHB Hal Morris
|
0-0: Foul Ball, location: 2F 0-1: Called Strike 0-2: Ball 1-2: Foul Ball, location: 2F 1-2: Foul Ball, location: 2F 1-2: Foul Ball, location: 2F 1-2: DOUBLE (Flyball, 78XD, EV 88.1 MPH)
|
|
Batting: RHB Jeff Kent
|
0-0: Foul Ball, location: 2F 0-1: Ball 1-1: Ball 2-1: Ball 3-1: Fly out, F9 (Line Drive, 9D, EV 89.4 MPH) Runner from 2nd tags up, SAFE at 3rd, no throw by RF
|
|
Batting: RHB Mike Sweeney
|
0-0: Swinging Strike 0-1: Ball 1-1: Foul Ball, location: 2F 1-2: Fly out, F3 (Popup, 3F, EV 78.1 MPH)
|
| Top of the 2nd over - 0 runs, 1 hit, 0 errors, 1 left on base; Montreal 0 - San Diego 1 |
| BOTTOM OF THE 2ND |
|
San Diego Padres batting - Pitching for Montreal Expos : RHP Jon Lieber
|
|
Batting: RHB Jeff Conine
|
0-0: Called Strike 0-1: Foul Ball, location: 2F 0-2: Strikes out looking
|
|
Batting: LHB Ed Taubensee
|
0-0: Swinging Strike 0-1: Ball 1-1: Foul Ball, location: 2F 1-2: Strikes out swinging
|
|
Batting: RHB Craig Grebeck
|
0-0: Called Strike 0-1: Ground out 6-3 (Groundball, 6, EV 82.5 MPH)
|
| Bottom of the 2nd over - 0 runs, 0 hits, 0 errors, 0 left on base; Montreal 0 - San Diego 1 |
| TOP OF THE 3RD |
|
Montreal Expos batting - Pitching for San Diego Padres : RHP Doug Drabek
|
|
Batting: RHB Leo Gomez
|
0-0: Called Strike 0-1: Ground out 5-3 (Groundball, 5L, EV 106.3 MPH)
|
|
Batting: RHB Jose Hernandez
|
0-0: Ball 1-0: Called Strike 1-1: Called Strike 1-2: Strikes out looking
|
|
Batting: SHB Ricky Otero
|
0-0: Ball 1-0: Ground out U3 (Groundball, 34, EV 87.5 MPH)
|
| Top of the 3rd over - 0 runs, 0 hits, 0 errors, 0 left on base; Montreal 0 - San Diego 1 |
| BOTTOM OF THE 3RD |
|
San Diego Padres batting - Pitching for Montreal Expos : RHP Jon Lieber
|
|
Batting: RHB Jeff Frye
|
0-0: Called Strike 0-1: Foul Ball, location: 2F 0-2: Ball 1-2: Ground out 5-3 (Groundball, 5L, EV 95.6 MPH)
|
|
Batting: LHB Darryl Hamilton
|
0-0: Ball 1-0: Called Strike 1-1: DOUBLE (Line Drive, 89D, EV 98.1 MPH)
|
|
Batting: LHB Jim Edmonds
|
0-0: Ball 1-0: Foul Ball, location: 2F 1-1: Ball 2-1: SINGLE (Groundball, 5D, EV 108.1 MPH) Darryl Hamilton to third Runner from 3rd tries for Home, SAFE, throw by LF to home Jim Edmonds to second
|
|
Batting: RHB Manny Ramirez
|
0-0: Called Strike 0-1: Ball 1-1: Foul Ball, location: 2F 1-2: Ball 2-2: Strikes out looking
|
|
Batting: SHB Tony Clark
|
0-0: Called Strike 0-1: Ball 1-1: Ball 2-1: 2-RUN HOME RUN (Flyball, 78XD, EV 95.6 MPH), Distance : 387 ft
|
|
Batting: LHB Dave Magadan
|
0-0: Ball 1-0: Called Strike 1-1: Fly out, F7 (Line Drive, 7, EV 90.6 MPH)
|
| Bottom of the 3rd over - 3 runs, 3 hits, 0 errors, 0 left on base; Montreal 0 - San Diego 4 |
| TOP OF THE 4TH |
|
Montreal Expos batting - Pitching for San Diego Padres : RHP Doug Drabek
|
|
Batting: SHB Gregg Jefferies
|
0-0: Ball 1-0: Fly out, F8 (Flyball, 8LD, EV 93.8 MPH)
|
|
Batting: RHB Matt Williams
|
0-0: Ball 1-0: Fly out, F7 (Flyball, 78S, EV 90.6 MPH)
|
|
Batting: RHB Raul Mondesi
|
0-0: Called Strike 0-1: Ball 1-1: Ball 2-1: Ball 3-1: Swinging Strike 3-2: Strikes out swinging
|
| Top of the 4th over - 0 runs, 0 hits, 0 errors, 0 left on base; Montreal 0 - San Diego 4 |
| BOTTOM OF THE 4TH |
|
San Diego Padres batting - Pitching for Montreal Expos : RHP Jon Lieber
|
|
Batting: RHB Jeff Conine
|
0-0: Called Strike 0-1: Swinging Strike 0-2: Foul Ball, location: 2F 0-2: Strikes out swinging
|
|
Batting: LHB Ed Taubensee
|
0-0: Ball 1-0: Swinging Strike 1-1: Ball 2-1: Swinging Strike 2-2: Foul Ball, location: 2F 2-2: Fly out, F7 (Flyball, 7S, EV 83.8 MPH)
|
|
Batting: RHB Craig Grebeck
|
0-0: Ball 1-0: Foul Ball, location: 2F 1-1: Ball 2-1: Ball 3-1: Base on Balls
|
|
Batting: RHB Jeff Frye
|
0-0: Ball 1-0: Called Strike 1-1: Ball 2-1: Ball 3-1: Base on Balls Craig Grebeck to second
|
|
Batting: LHB Darryl Hamilton
|
0-0: Ball 1-0: Ball 2-0: Swinging Strike 2-1: Fly out, F7 (Flyball, 78D, EV 98.8 MPH)
|
| Bottom of the 4th over - 0 runs, 0 hits, 0 errors, 2 left on base; Montreal 0 - San Diego 4 |
| TOP OF THE 5TH |
|
Montreal Expos batting - Pitching for San Diego Padres : RHP Doug Drabek
|
|
Batting: LHB Hal Morris
|
0-0: Ball 1-0: Foul Ball, location: 2F 1-1: SINGLE (Groundball, 4MD, EV 98.1 MPH)
|
|
Batting: RHB Jeff Kent
|
0-0: Ball 1-0: Called Strike 1-1: Ball 2-1: Fly out, F7 (Line Drive, 7, EV 92.5 MPH)
|
|
Batting: RHB Mike Sweeney
|
0-0: Ball 1-0: Ball 2-0: Called Strike 2-1: Ball 3-1: DOUBLE (Line Drive, 3D, EV 105.6 MPH) Hal Morris to third
|
|
Batting: RHB Leo Gomez
|
0-0: Foul Ball, location: 2F 0-1: Fly out, F3 (Flyball, 3D, EV 85.0 MPH)
|
|
Batting: RHB Jose Hernandez
|
0-0: Called Strike 0-1: Foul Ball, location: 2F 0-2: Strikes out swinging
|
| Top of the 5th over - 0 runs, 2 hits, 0 errors, 2 left on base; Montreal 0 - San Diego 4 |
| BOTTOM OF THE 5TH |
|
San Diego Padres batting - Pitching for Montreal Expos : RHP Jon Lieber
|
|
Batting: LHB Jim Edmonds
|
0-0: Called Strike 0-1: Foul Ball, location: 2F 0-2: Strikes out swinging
|
|
Batting: RHB Manny Ramirez
|
0-0: Ball 1-0: Ground out 6-3 (Groundball, 6S, EV 86.3 MPH)
|
|
Batting: SHB Tony Clark
|
0-0: Fly out, F2 (Popup, 23F, EV 78.8 MPH)
|
| Bottom of the 5th over - 0 runs, 0 hits, 0 errors, 0 left on base; Montreal 0 - San Diego 4 |
| TOP OF THE 6TH |
|
Montreal Expos batting - Pitching for San Diego Padres : RHP Doug Drabek
|
|
Batting: SHB Ricky Otero
|
0-0: Ball 1-0: Foul Ball, location: 2F 1-1: Ball 2-1: Swinging Strike 2-2: Fly out, F9 (Flyball, 9S, EV 92.5 MPH)
|
|
Batting: SHB Gregg Jefferies
|
0-0: Called Strike 0-1: Ground out 4-3 (Groundball, 4, EV 84.4 MPH)
|
|
Batting: RHB Matt Williams
|
0-0: Foul Ball, location: 2F 0-1: Ball 1-1: Ball 2-1: Swinging Strike 2-2: Foul Ball, location: 2F 2-2: Fly out, F5 (Popup, 25, EV 90.6 MPH)
|
| Top of the 6th over - 0 runs, 0 hits, 0 errors, 0 left on base; Montreal 0 - San Diego 4 |
| BOTTOM OF THE 6TH |
|
San Diego Padres batting - Pitching for Montreal Expos : RHP Jon Lieber
|
|
Batting: LHB Dave Magadan
|
0-0: Foul Ball, location: 2F 0-1: Ball 1-1: Foul Ball, location: 2F 1-2: Foul Ball, location: 2F 1-2: Ball 2-2: Foul Ball, location: 2F 2-2: Ground out 5-3 (Groundball, 56S, EV 86.3 MPH)
|
|
Batting: RHB Jeff Conine
|
0-0: Ball 1-0: Foul Ball, location: 2F 1-1: Ball 2-1: Foul Ball, location: 2F 2-2: Ground out 4-3 (Groundball, 4, EV 80.0 MPH)
|
|
Batting: LHB Ed Taubensee
|
0-0: Called Strike 0-1: Ball 1-1: Ball 2-1: Foul Ball, location: 2F 2-2: Foul Ball, location: 2F 2-2: Strikes out swinging
|
| Bottom of the 6th over - 0 runs, 0 hits, 0 errors, 0 left on base; Montreal 0 - San Diego 4 |
| TOP OF THE 7TH |
|
Montreal Expos batting - Pitching for San Diego Padres : RHP Doug Drabek
|
|
Batting: RHB Raul Mondesi
|
0-0: Fly out, F7 (Line Drive, 7, EV 96.3 MPH)
|
|
Batting: LHB Hal Morris
|
0-0: Ball 1-0: SINGLE (Line Drive, 9S, EV 93.8 MPH)
|
|
Batting: RHB Jeff Kent
|
0-0: Fly out, F8 (Line Drive, 8RM, EV 98.8 MPH)
|
|
Batting: RHB Mike Sweeney
|
0-0: Fly out, F8 (Flyball, 8RS, EV 84.4 MPH)
|
| Top of the 7th over - 0 runs, 1 hit, 0 errors, 1 left on base; Montreal 0 - San Diego 4 |
| BOTTOM OF THE 7TH |
|
San Diego Padres batting - Pitching for Montreal Expos : RHP Jon Lieber
|
|
Batting: RHB Craig Grebeck
|
0-0: Called Strike 0-1: Called Strike 0-2: Strikes out swinging
|
|
Batting: RHB Jeff Frye
|
0-0: Foul Ball, location: 2F 0-1: Foul Ball, location: 2F 0-2: Ball 1-2: Ball 2-2: SINGLE (Groundball, 6MD, EV 94.4 MPH)
|
|
Batting: LHB Darryl Hamilton
|
0-0: Called Strike 0-1: Called Strike 0-2: Ball 1-2: Ball 2-2: Strikes out looking
|
|
Batting: LHB Jim Edmonds
|
0-0: Ball 1-0: Called Strike 1-1: Foul Ball, location: 2F 1-2: Ball 2-2: Foul Ball, location: 2F 2-2: Foul Ball, location: 2F 2-2: Reached on error, E4 (Groundball, 34, EV 80.6 MPH) Jeff Frye to third
|
|
Batting: RHB Manny Ramirez
|
0-0: Called Strike 0-1: Ball 1-1: Swinging Strike 1-2: Ground out 6-3 (Groundball, 6M, EV 104.4 MPH)
|
| Bottom of the 7th over - 0 runs, 1 hit, 1 error, 2 left on base; Montreal 0 - San Diego 4 |
| TOP OF THE 8TH |
|
Montreal Expos batting - Pitching for San Diego Padres : RHP Doug Drabek
|
|
Now in RF: Mark Whiten
|
|
|
Batting: RHB Leo Gomez
|
0-0: Ball 1-0: Called Strike 1-1: SOLO HOME RUN (Flyball, 7D, EV 91.9 MPH), Distance : 370 ft
|
|
Batting: RHB Jose Hernandez
|
0-0: Foul Ball, location: 2F 0-1: Called Strike 0-2: Strikes out swinging
|
|
Batting: SHB Ricky Otero
|
0-0: Called Strike 0-1: Ball 1-1: Ball 2-1: Foul Ball, location: 2F 2-2: Fly out, F7 (Line Drive, 7D, EV 103.8 MPH)
|
|
Batting: SHB Gregg Jefferies
|
0-0: Ball 1-0: Called Strike 1-1: Ball 2-1: Ground out U3 (Groundball, 3L, EV 84.4 MPH)
|
| Top of the 8th over - 1 run, 1 hit, 0 errors, 0 left on base; Montreal 1 - San Diego 4 |
| BOTTOM OF THE 8TH |
|
San Diego Padres batting - Pitching for Montreal Expos : RHP Jon Lieber
|
|
Batting: SHB Tony Clark
|
0-0: Called Strike 0-1: Ball 1-1: Foul Ball, location: 2F 1-2: Strikes out swinging
|
|
Batting: LHB Dave Magadan
|
0-0: Foul Ball, location: 2F 0-1: Ball 1-1: Ball 2-1: Called Strike 2-2: Ball 3-2: SINGLE (Groundball, 4M, EV 101.3 MPH) (infield hit)
|
|
Pitching: RHP Bobby Munoz
|
|
|
Batting: RHB Jeff Conine
|
0-0: Called Strike 0-1: Swinging Strike 0-2: Grounds into double play, 6-4-3 (Groundball, 6, EV 86.3 MPH)
|
| Bottom of the 8th over - 0 runs, 1 hit, 0 errors, 0 left on base; Montreal 1 - San Diego 4 |
| TOP OF THE 9TH |
|
Montreal Expos batting - Pitching for San Diego Padres : RHP Doug Drabek
|
|
Now at C: Cesar Devarez
|
|
|
Now at 3B: Carlos Quintana
|
|
|
Batting: RHB Matt Williams
|
0-0: Foul Ball, location: 2F 0-1: Foul Ball, location: 2F 0-2: Foul Ball, location: 2F 0-2: Ball 1-2: Strikes out swinging
|
|
Batting: RHB Raul Mondesi
|
0-0: Ball 1-0: Foul Ball, location: 2F 1-1: Foul Ball, location: 2F 1-2: Ball 2-2: Strikes out swinging
|
|
Batting: LHB Hal Morris
|
0-0: Foul Ball, location: 2F 0-1: Swinging Strike 0-2: SINGLE (Flyball, 78S, EV 84.4 MPH)
|
|
Batting: RHB Jeff Kent
|
0-0: Ball 1-0: Called Strike 1-1: Fly out, F8 (Flyball, 89D, EV 97.5 MPH)
|
| Top of the 9th over - 0 runs, 1 hit, 0 errors, 1 left on base; Montreal 1 - San Diego 4 |
|